 Dungeon Crawl Stone Soup version 0.31-a0-161-gb58dd9be76 (webtiles) character file.

Game seed: 10561575294605842245

51 qw the Chopper (level 3, 0/23 HPs)
             Began as a Gargoyle Fighter on June 12, 2023.
             Slain by an orc
             ... wielding a +1 heavy trident
              (4 damage)
             ... on level 4 of the Dungeon.
             The game lasted 00:00:44 (1122 turns).

qw the Chopper (Gargoyle Fighter)                   Turns: 1122, Time: 00:00:44

Health: 0/23       AC: 10    Str: 21    XL:     3   Next: 81%
Magic:  3/3        EV:  9    Int:  8    God:
Gold:   161        SH:  0    Dex:  9    Spells: 2/2 levels left

rFire   . . .        Y - +2 war axe
rCold   . . .        c - +0 buckler
rNeg    + . .        b - +0 scale mail
rPois   inf          (no helmet)
rElec   +            (no cloak)
rCorr   .            (no gloves)
SInv    .            (no boots)
Will    .....        (no amulet) Stlth
                     (no ring)
HPRegen 0.23/turn    (no ring)
MPRegen 0.08/turn

%: no passive effects
@: confused
A: sickness immunity, AC +3, negative energy resistance 1, electricity
resistance, torment resistance 1, petrification resistance
a: no special abilities


You were on level 4 of the Dungeon.
You visited 1 branch of the dungeon, and saw 3 of its levels.

You collected 161 gold pieces.


Innate Abilities, Weirdness & Mutations

You are immune to sickness and miasma.
Your stone body is resilient. (AC +3)
You are immune to poison.
You resist negative energy. (rN+)
You are resistant to electric shocks. (rElec)
You are resistant to unholy torment.
You are immune to petrification.


   Skills:
 - Level 3.2 Fighting
 + Level 3.6 Axes
 - Level 3.2 Armour
 - Level 3.2 Shields


You had 2 spell levels left.
You didn't know any spells.
Your spell library was empty.

Inventory:

Hand Weapons
 f - a +0 club
 Y - a +2 war axe (weapon)
Armour
 b - a +0 scale mail (worn)
 c - a +0 buckler (worn)
Scrolls
 a - a scroll of identify {unknown}
Potions
 d - a potion of might
 g - a potion of cancellation {unknown}
 i - a potion of mutation {unknown}
 k - a potion of heal wounds {unknown}

Dungeon Overview and Level Annotations

Branches:
Dungeon (2/15)

Altars:
Gozag
Yredelemnul


Message History

Found an escape hatch in the floor.
a - a scroll labelled UDDOWU UQETAQY
Found an opulent altar of Gozag.
An orc and an orc wizard come into view.
The orc is wielding a +1 heavy trident.
The orc shouts!
The orc wizard shouts!
Found 3 large rocks.
An orc wizard comes into view. It is wielding a +0 dagger.
An orc comes into view. It is wielding a +0 hand axe.
The orc shouts!
The orc wizard shouts!
The orc hits you but does no damage.
You see here an amulet of reflection.
You slash the orc wizard!
The orc wizard is severely wounded.
You closely miss the orc.
The orc wizard hits you but does no damage.
The orc hits you with a +1 heavy trident!
The orc wizard hits you but does no damage.
You closely miss the orc wizard.
The orc wizard is severely wounded.
You closely miss the orc. You completely miss the orc wizard.
You slash the orc!
You kill the orc!
You block the orc wizard's attack. The orc wizard casts a spell at you.
You are confused.
The orc hits you but does no damage.
The orc wizard hits you but does no damage.
The orc wizard points at you and mumbles some strange words.
The puff of flame hits you. The orc closely misses you.
The orc wizard hits you but does no damage.
The orc wizard points at you and mumbles some strange words.
The puff of flame hits you.
The orc wizard gestures at you while chanting.
The magic dart hits you.
The orc wizard hits you with a +0 dagger.
The orc closely misses you. The orc wizard barely misses you.
The orc wizard hits you but does no damage.
The orc hits you with a +1 heavy trident.
You die...

..# ... ##.####...
#......... #.........
#......... #. #(........
#. #####..o......
###.#### #.....@o......
#.......###.###.o)......
#......##.....##........
#......#.8...8.########+
#......#.......#
..........._......
.......#.......##..
.......#.8...8.# .
.......##.....##


You could see 2 orc wizards and an orc.

Vanquished Creatures
  An adder (D:2)
  An orc (D:4)
  4 ball pythons
  2 endoplasms (D:1)
  6 hobgoblins
  3 jackals (D:1)
  5 kobolds (D:1)
  3 quokkas
  5 bats
  2 frilled lizards
  4 goblins
  2 rats (D:2)
38 creatures vanquished.

Notes
Turn   | Place    | Note
-------+----------+-------------------------------------------
     0 | D:1      | qw the Gargoyle Fighter began the quest for the Orb.
     0 | D:1      | Reached XP level 1. HP: 14/14 MP: 1/1
     0 | D:1      | 0 ||| qw: Version: 0.2-a-29-gc1b59c4
     0 | D:1      | 0 ||| qw: Game counter: 4285
     0 | D:1      | 0 ||| qw: Always use a shield: true
     0 | D:1      | 0 ||| qw: God list: Okawaru
     0 | D:1      | 0 ||| qw: Allow faded altars: false
     0 | D:1      | 0 ||| qw: Do Orc after D:15 true
     0 | D:1      | 0 ||| qw: Do second Lair branch before Depths: true
     0 | D:1      | 0 ||| qw: Lair rune preference: random
     0 | D:1      | 0 ||| qw: Plans: Normal, Zot:1-4, Slime:5, God:TSO, Crypt,
                  | Tomb, Abyss, Pan, Hells, Win
     0 | D:1      | 0 ||| PLANNING D:1-11
    29 | D:1      | 29 ||| Stepping ~*~*~tactically~*~*~ (hiding).
    37 | D:1      | 37 ||| Stepping ~*~*~tactically~*~*~ (stealth).
    69 | D:1      | Reached XP level 2. HP: 14/19 MP: 2/2
   127 | D:1      | Found a faded altar of an unknown god.
   138 | D:1      | 138 ||| Stepping ~*~*~tactically~*~*~ (stealth).
   302 | D:1      | HP: 3/19 [endoplasm (2)]
   302 | D:1      | HP: 1/19 [endoplasm (2)]
   304 | D:1      | Reached skill level 3 in Axes
   307 | D:1      | HP: 1/19 [ball python (1)]
   312 | D:1      | Reached XP level 3. HP: 1/23 MP: 3/3
   575 | D:1      | 575 ||| READING scroll labelled BEGAVU IDIMUOSYWA.
   576 | D:1      | 576 ||| READING scroll labelled OSASULE ETISS.
   577 | D:1      | 577 ||| READING scroll labelled XUNWET QOONE.
   734 | D:2      | 734 ||| READING scroll labelled PYXKES JOIX.
   949 | D:2      | 949 ||| READING scroll of enchant weapon.
   949 | D:2      | 949 ||| ENCHANTING +1 war axe.
  1053 | D:2      | You fall into a shaft and drop 2 floors!
  1067 | D:4      | Found a basalt altar of Yredelemnul.
  1103 | D:4      | Found an opulent altar of Gozag.
  1121 | D:4      | HP: 5/23 [orc wizard/magic dart (5)]
  1122 | D:4      | Slain by an orc

Levels and vault maps discovered:
D:1:      mainiacjoe_arrival_reflecting_pool, layout_basic,
          ebering_ecumenical_altar_rust
D:2:      layout_rooms, serial_co_window_serial, co_window_paths_b,
          co_window_of_opportunity_a, co_window_corner_a, co_window_paths_a,
          co_window_paths_a, co_window_cross_3, co_window_2corner,
          co_window_corner_b, co_window_corner_b, co_window_corner_ca,
          co_window_corner_b, co_window_sun, co_window_paths_d, glass_columns_a,
          glass_columns_c, glass_columns_a, glass_columns_c, glass_columns_b
D:4:      layout_basic, grunt_gozag_statues, mainiacjoe_overflow_alcove_2,
          grunt_decor_resistance

Skill      XL: |  1  2 |
---------------+-------+-----
Axes           | 2 3 |  3.6
Fighting       | |  3.2
Armour         | |  3.2
Shields        | |  3.2

Action                     || total
---------------------------++-------
  Melee: War axe           ||   107
    Use: Scroll            ||     5
 Armour: Scale mail        ||    58
  Dodge: Dodged            ||    45
  Block: Buckler           ||    20

Table legend:
 A = Non-vault XP
 B = Vault XP
 C = Vault XP percentage of total XP
 D = Non-vault monster count
 E = Vault monster count
 F = Vault count percentage of total count
                 A         B        C        D         E       F
            +---------+---------+-------+---------+---------+-------
      Total |      73 |       0 |   0.0 |      38 |       0 |   0.0
            +---------+---------+-------+---------+---------+-------
        D:1 |      37 |       0 |   0.0 |      23 |       0 |   0.0
        D:2 |      29 |       0 |   0.0 |      12 |       0 |   0.0
        D:4 |       7 |       0 |   0.0 |       3 |       0 |   0.0
            +---------+---------+-------+---------+---------+-------
